Map: Jagannatha LE

Players

llllllllllll - Winner!

  • Race: Terran Terran
  • League: Grandmaster

lIlIlIlIlIlI

  • Race: Zerg Zerg
  • League: Master

VOD

Have the link to the VOD?

Description

Time

  • Played on: July 27, 2021, 11:28 a.m.
  • Length: 8:03
Show
View Real Time Build Order
Export as new Build Order

llllllllllll Terran - Winner!

Build Orders: Reaper Expand, Hellion Banshee 

Get SALT Encoding   

  12  0:02  SCV  
  13  0:14  SCV  
  14  0:19  Supply Depot  
  14  0:26  SCV  
  15  0:40  SCV  
  15  0:42  Barracks  
  16  0:45  Refinery  
  16  0:52  SCV  
  17  1:05  SCV  
  18  1:17  SCV  
  19  1:30  Reaper, Orbital Command  
  20  1:43  Command Center  
  20  1:53  Supply Depot  
  20  1:56  SCV  
  21  2:01  Marine  
  22  2:09  SCV  
  22  2:12  Factory  
  23  2:21  SCV  
  24  2:23  Barracks Reactor  
  24  2:29  Refinery  
  24  2:33  SCV  
  25  2:45  SCV  
  26  2:55  Orbital Command  
  26  2:57  SCV  
  27  2:58  Starport  
  27  3:09  SCV, Barracks Tech Lab  
  27  3:11  Hellion x2  
  32  3:17  Supply Depot  
  32  3:21  SCV  
  32  3:22  SCV  
  34  3:32  Hellion x2  
  34  3:33  SCV  
  34  3:34  SCV  
  40  3:37  Barracks Tech Lab  
  40  3:41  Banshee  
  40  3:43  Cloaking Field  
  40  3:45  SCV  
  40  3:48  SCV  
  45  3:52  Supply Depot  
  45  3:57  SCV  
  45  3:58  Hellion x2  
  45  4:02  SCV  
  51  4:04  Stimpack  
  52  4:10  SCV  
  52  4:14  SCV  
  53  4:22  SCV  
  54  4:24  Banshee  
  54  4:31  SCV  
  58  4:32  Command Center  
  58  4:33  Supply Depot  
  58  4:34  SCV  
  59  4:39  Factory Reactor  
  59  4:45  SCV  
  60  4:46  SCV  
  60  4:47  Barracks x2  
  60  4:52  Marine  
  62  4:57  Engineering Bay x2, SCV  
  62  4:58  SCV  
  64  5:04  Refinery  
  64  5:05  Refinery  
  64  5:09  SCV  
  64  5:10  SCV  
  64  5:11  Supply Depot  
  66  5:16  Starport Reactor  
  64  5:21  SCV  
  64  5:22  SCV  
  64  5:25  Marine  
  64  5:26  Siege Tank  
  67  5:28  Terran Infantry Weapons Level 1  
  67  5:33  SCV  
  67  5:34  SCV  
  67  5:35  Marine  
  65  5:38  Terran Infantry Armor Level 1, Marine  
  60  5:45  SCV  
  60  5:46  Combat Shield  
  60  5:48  Barracks x2, Orbital Command  
  61  5:50  Marine  
  61  5:53  Marine  
  63  5:57  SCV  
  63  5:58  Siege Tank, Marine  
  63  6:00  Marine  
  69  6:09  Marine x2  
  69  6:11  Medivac  
  73  6:13  Orbital Command, Medivac  
  73  6:15  Marine  
  73  6:18  Marine  
  77  6:21  SCV, Marine  
  77  6:22  SCV  
  80  6:27  Marine x2  
  80  6:30  Siege Tank  
  85  6:33  Supply Depot x2, Marine  
  85  6:34  SCV x2  
  85  6:36  Marine  
  85  6:38  Barracks Reactor x2  
  89  6:40  SCV  
  89  6:44  Marine x2  
  93  6:53  Refinery  
  93  6:54  Supply Depot, Marine x2  
  93  6:55  Supply Depot, SCV x2  
  93  6:58  Armory, SCV  
  93  7:01  Marine  
  98  7:04  Marine, Medivac x2  
  98  7:07  SCV, Marine  
  105  7:08  SCV  
  105  7:13  SCV  
  105  7:14  Marine  
  105  7:15  Marine  
  109  7:19  SCV, Supply Depot, Siege Tank  
  109  7:20  Supply Depot, Marine  
  114  7:23  Marine  
  114  7:24  Marine  
  114  7:25  Marine  
  114  7:27  Marine  
  118  7:31  Marine  
  118  7:34  Marine  
  111  7:38  Marine  
  111  7:39  Marine x2  
  111  7:40  SCV x2  
  111  7:41  Marine  
  111  7:42  Marine  
  111  7:43  Marine, Refinery  
  109  7:45  Marine  
  109  7:49  Missile Turret, Factory  
  109  7:50  Missile Turret  
  111  7:51  Missile Turret  
Show
View Real Time Build Order
Export as new Build Order

lIlIlIlIlIlI Zerg 

Build Orders: Hatch First 

Get SALT Encoding   

  12  0:00  Drone  
  13  0:12  Overlord  
  13  0:17  Drone  
  14  0:30  Drone x2  
  16  0:49  Hatchery  
  15  0:52  Drone  
  15  0:55  Drone  
  17  0:58  Drone  
  18  1:09  Extractor  
  17  1:14  Spawning Pool  
  17  1:17  Drone  
  17  1:20  Drone  
  18  1:28  Drone  
  19  1:39  Drone  
  20  1:50  Drone  
  21  2:02  Queen x2  
  21  2:03  Zergling x4  
  27  2:15  Hatchery  
  27  2:19  Overlord  
  26  2:24  Drone  
  26  2:25  Drone  
  28  2:35  Metabolic Boost  
  28  2:43  Queen  
  30  2:51  Overlord, Drone  
  30  2:54  Drone x2  
  33  3:00  Drone x2  
  33  3:03  Drone  
  36  3:20  Queen  
  36  3:21  Drone x5  
  43  3:28  Queen  
  43  3:32  Drone x2  
  47  3:37  Overlord x2  
  47  3:49  Drone x3  
  50  4:02  Zergling x10  
  55  4:05  Drone x4  
  55  4:06  Lair  
  55  4:09  Extractor  
  58  4:10  Extractor x2  
  56  4:20  Drone x3  
  56  4:22  Queen x2  
  63  4:32  Spore Crawler x2  
  63  4:36  Spore Crawler  
  60  4:43  Drone x2  
  60  4:45  Overlord x2  
  57  4:55  Zergling x2  
  57  4:56  Zergling x2  
  58  5:06  Overseer  
  58  5:09  Spire, Drone x9  
  63  5:21  Overlord  
  63  5:22  Overlord, Drone x2  
  63  5:36  Drone x5  
  63  5:37  Drone x3  
  63  5:39  Drone  
  71  5:47  Drone x4  
  75  5:55  Extractor  
  75  5:56  Extractor  
  73  5:59  Drone x4  
  77  6:05  Drone x5  
  77  6:10  Overlord  
  82  6:14  Overlord x2  
  82  6:28  Mutalisk x2  
  82  6:29  Mutalisk x5  
  96  6:32  Baneling Nest  
  95  6:43  Evolution Chamber  
  95  6:44  Zergling x10  
  95  6:45  Hatchery, Zergling x2  
  95  6:46  Evolution Chamber  
  98  6:48  Zergling x2  
  98  6:49  Zergling x6  
  102  7:01  Overlord x2  
  102  7:02  Zergling x2  
  102  7:03  Zergling x8  
  107  7:11  Zergling x8  
  111  7:24  Zergling x12  
  87  7:38  Mutalisk x3  
  87  7:39  Mutalisk x4  
Tags
 
Add a new tag
Caveats
  • Supply blocks, unpowered buildings, or Contaminate may cause inaccurate times.
  • Supply counts are checked every 10 seconds.